Sharks vs Blues

Created - 11 novembre 2020 at 11:31

Goals
1 2 3 T
Sharks 0 2 2 4
Blues 0 1 1 2
Shots
1 2 3 T
Sharks 15 12 17 44
Blues 7 8 10 25

1st period

No Goal

Penalties :
Colin White (STL) for Hooking (Minor) at 4:23

2nd period

1. Sharks , Alex Pietrangelo 1 (Colton Sceviour 1) at 0:48
2. Blues , Christian Dvorak 1 (Matt Martin 1) at 13:59
3. Sharks , Andreas Johnsson 1 (Boone Jenner 1, Mark Borowiecki 1) at 16:43

Penalties :
Michael Frolik (STL) for Holding (Minor) at 1:52, MacKenzie Weegar (STL) for Tripping (Minor) at 9:33

3rd period

4. Sharks , Teuvo Teravainen 1 (Dylan Larkin 1) at 6:40 (PP)
5. Sharks , Kenny Agostino 1 (Zach Werenski 1, Michael Raffl 1) at 15:01
6. Blues , Zach Sanford 1 (Christian Dvorak 1, Marc-Edouard Vlasic 1) at 17:08 (SH)

Penalties :
Evander Kane (STL) for Interference (Minor) at 4:21, Jason Demers (STL) for Hooking (Minor) at 6:38, Evander Kane (STL) for Roughing (Minor) at 16:27

Goalie Stats

Darcy Kuemper (SJS), 23 saves from 25 shots - (0,920), W, 1-0-0, 60:00 minutes
Brian Elliott (STL), 40 saves from 44 shots - (0,909), L, 0-1-0, 60:00 minutes

Players Stats for Sharks

Player Name              G  A  P  +/- PIM S  H  SB GA TA FO     MP     PP MP  PK MP  
------------------------------------------------------------------------------------
Alex Pietrangelo         1  0  1   1  0   1  2  0  0  0  0/0    24:26   4:57   0:00 
Andreas Johnsson         1  0  1   1  0   2  0  0  0  0  0/0    10:43   0:46   0:00 
Boone Jenner             0  1  1   1  0   2  0  0  0  0  3/5    14:18   4:38   0:00 
Colton Sceviour          0  1  1   1  0   0  0  0  0  0  0/0     9:55   0:00   0:00 
Dillon Dube              0  0  0   1  0   2  0  0  0  0  0/0     8:28   0:38   0:00 
Dylan Larkin             0  1  1   0  0   7  3  0  0  0  2/3    20:53   3:53   0:00 
Gabriel Landeskog        0  0  0  -1  0   1  3  1  1  1  1/2    20:53   5:16   0:00 
Jonathan Huberdeau       0  0  0  -1  0   2  1  1  0  0  0/2    20:56   5:16   0:00 
Justin Braun             0  0  0   0  0   1  0  3  0  1  0/0    17:44   0:00   0:00 
Kenny Agostino           1  0  1   1  0   3  1  0  0  2  1/1     7:26   0:00   0:00 
Mark Borowiecki          0  1  1   0  0   1  3  3  0  0  0/0    23:14   5:00   0:00 
Michael Raffl            0  1  1   1  0   1  1  0  0  0  0/3     7:36   0:10   0:00 
Mirco Mueller            0  0  0   0  0   2  1  0  0  0  0/0    12:54   0:00   0:00 
Robert Thomas            0  0  0   0  0   2  1  0  0  0  10/17  17:16   0:10   0:00 
Shea Theodore            0  0  0  -1  0   5  0  0  0  0  0/0    17:33   4:57   0:00 
Sidney Crosby            0  0  0  -1  0   4  0  1  0  1  14/23  20:53   5:16   0:00 
Teuvo Teravainen         1  0  1   0  0   8  1  0  1  0  0/0    20:43   3:48   0:00 
Zach Werenski            0  1  1   2  0   0  1  2  0  1  0/0    24:09   5:00   0:00 

Players Stats for Blues

Player Name              G  A  P  +/- PIM S  H  SB GA TA FO     MP     PP MP  PK MP  
------------------------------------------------------------------------------------
Andy Greene              0  0  0   0  0   0  0  1  1  0  0/0    23:30   0:00   5:04 
Anthony Cirelli          0  0  0  -1  0   2  0  0  0  0  12/24  22:23   0:00   4:47 
Christian Dvorak         1  1  2   2  0   5  3  2  1  0  6/17   19:26   0:00   3:51 
Colin White              0  0  0   1  2   4  3  0  0  0  0/0    15:15   0:00   0:48 
Curtis Lazar             0  0  0  -1  0   2  1  0  0  0  0/0    13:02   0:00   0:00 
Dominik Simon            0  0  0  -1  0   1  1  1  0  0  4/5    12:04   0:00   0:00 
Evander Kane             0  0  0  -1  4   1  1  0  1  0  2/6    24:15   0:00   3:28 
Jason Demers             0  0  0  -2  2   1  0  1  0  0  0/0    11:47   0:00   0:00 
Justin Faulk             0  0  0   1  0   0  0  0  1  0  0/0    21:39   0:00   4:19 
MacKenzie Weegar         0  0  0  -2  2   0  0  0  0  0  0/0    12:36   0:00   0:34 
Marc-Edouard Vlasic      0  1  1   1  0   2  0  2  1  1  0/0    21:39   0:00   4:19 
Matt Martin              0  1  1  -1  0   0  0  1  0  0  0/3     8:49   0:00   2:59 
Michael Frolik           0  0  0  -2  2   2  2  0  0  0  0/0    12:59   0:00   0:09 
Morgan Rielly            0  0  0   0  0   2  0  3  0  1  0/0    26:15   0:00   5:20 
Reilly Smith             0  0  0  -1  0   2  2  0  1  0  1/1    19:36   0:00   1:50 
Ryan Reaves              0  0  0  -1  0   0  0  0  0  0  0/0     5:10   0:00   0:00 
Sean Walker              0  0  0   0  0   0  0  0  0  0  0/0     2:47   0:00   0:18 
Zach Sanford             1  0  1   2  0   1  2  1  0  0  0/0    16:45   0:00   2:02 

3 Stars

1 - Christian Dvorak (STL)
2 - Alex Pietrangelo (SJS)
3 - Zach Sanford (STL)

Power Play

Sharks - 1 on 6 Attempt(s) - 16,67%
Blues - 0 on 0 Attempt(s) - 0,00%

Penalty Kill

Sharks - 0 on 0 Attempt(s) - 0,00% - Score 0 goal in Penalty Kill
Blues - 5 on 6 Attempt(s) - 83,33% - Score 1 goal in Penalty Kill

Team Stat

Sharks - Hits : 18 - Faceoff Wins : 31 - Blocked Shots : 11 - Penalty Minutes : 0
Blues - Hits : 15 - Faceoff Wins : 25 - Blocked Shots : 12 - Penalty Minutes : 12

Official

Referees : Kenny Anderson and Brad Meier
Linesman : Jake Davis and Brian Murphy

Game Notes

No Game Note

Finance

Level 1 -- Attendance: 4346 (72,43%) -- Ticket Income 434 600 $
Level 2 -- Attendance: 5000 (100,00%) -- Ticket Income 300 000 $
Level 3 -- Attendance: 1431 (71,55%) -- Ticket Income 57 240 $
Level 4 -- Attendance: 2364 (59,10%) -- Ticket Income 70 920 $
Luxury Box -- Attendance: 787 (78,70%) -- Ticket Income 157 400 $
Game was played at the St.Louis Garden.
Total Attendance: 13928 (77,38%)
Total Ticket Income: 1 020 160 $
Other Income: 499 878 $
Total Income: 1 520 038 $

Sharks

5 vs 5 Forward 
   Center                   Left Wing                Right Wing               Time % Phy DF OF 
 1 Sidney Crosby            Gabriel Landeskog        Jonathan Huberdeau       36     0   1  4  
 2 Robert Thomas            Teuvo Teravainen         Dylan Larkin             35     0   1  4  
 3 Boone Jenner             Andreas Johnsson         Colton Sceviour          24     0   2  3  
 4 Michael Raffl            Kenny Agostino           Dillon Dube              5      1   2  2  

5 vs 5 Defense 
   Defense                  Defense                                           Time % Phy DF OF 
 1 Alex Pietrangelo         Zach Werenski                                     38     0   1  4  
 2 Mark Borowiecki          Justin Braun                                      36     0   2  3  
 3 Shea Theodore            Mirco Mueller                                     21     0   2  3  
 4 Alex Pietrangelo         Zach Werenski                                     5      0   3  2  

PowerPlay Forward 
   Center                   Left Wing                Right Wing               Time % Phy DF OF 
 1 Sidney Crosby            Gabriel Landeskog        Jonathan Huberdeau       55     0   0  5  
 2 Dylan Larkin             Teuvo Teravainen         Boone Jenner             45     0   0  5  

PowerPlay Defense
   Defense                  Defense                                           Time % Phy DF OF 
 1 Alex Pietrangelo         Shea Theodore                                     55     0   1  4  
 2 Mark Borowiecki          Zach Werenski                                     45     0   1  4  

Penalty Kill 4 Players Forward 
   Center                   Wing                     Time % Phy DF OF 
 1 Boone Jenner             Colton Sceviour          55     1   4  0  
 2 Michael Raffl            Teuvo Teravainen         45     1   4  0  

Penalty Kill 4 Players Defense
   Defense                  Defense                  Time % Phy DF OF 
 1 Alex Pietrangelo         Zach Werenski            55     1   4  0  
 2 Mark Borowiecki          Justin Braun             45     1   4  0  

Penalty Kill - 3 Players Forward 
   Forward                                           Time % Phy DF OF 
 1 Colton Sceviour                                   55     1   4  0  
 2 Michael Raffl                                     45     1   4  0  

Penalty Kill - 3 Players Defense
   Defense                  Defense                  Time % Phy DF OF 
 1 Alex Pietrangelo         Zach Werenski            55     1   4  0  
 2 Mark Borowiecki          Justin Braun             45     1   4  0  

4 vs 4 Forward 
   Center                   Wing                     Time % Phy DF OF 
 1 Sidney Crosby            Gabriel Landeskog        55     1   2  2  
 2 Dylan Larkin             Jonathan Huberdeau       45     1   2  2  

4 vs 4 Defense
   Defense                  Defense                  Time % Phy DF OF 
 1 Alex Pietrangelo         Zach Werenski            55     1   2  2  
 2 Mark Borowiecki          Justin Braun             45     1   2  2  

Last Minutes Offensive
   Center                   Left Wing                Right Wing               Defense                  Defense                  
   Sidney Crosby            Gabriel Landeskog        Dylan Larkin             Alex Pietrangelo         Zach Werenski            

Last Minutes Defensive
   Center                   Left Wing                Right Wing               Defense                  Defense                  
   Sidney Crosby            Gabriel Landeskog        Dylan Larkin             Alex Pietrangelo         Zach Werenski            

Goaltenders
Starting : Darcy Kuemper            
Backup : Jake Allen               

Extra Forwards
Normal : Andreas Johnsson, Robert Thomas, Colton Sceviour - PP : Andreas Johnsson, Robert Thomas - PK : Colton Sceviour
Extra Defensemen
Normal : Shea Theodore, Mirco Mueller, Mark Borowiecki - PP : Shea Theodore - PK : Mirco Mueller, Mark Borowiecki
Penalty Shots
Sidney Crosby, Gabriel Landeskog, Dylan Larkin, Jonathan Huberdeau, Teuvo Teravainen
Custom OT Lines Forwards
Sidney Crosby, Gabriel Landeskog, Dylan Larkin, Jonathan Huberdeau, Teuvo Teravainen, Boone Jenner, Andreas Johnsson, Robert Thomas, Colton Sceviour, Kenny Agostino
Custom OT Lines Defensemen
Alex Pietrangelo, Zach Werenski, Mark Borowiecki, Justin Braun, Shea Theodore

Scratches
None

Blues

5 vs 5 Forward 
   Center                   Left Wing                Right Wing               Time % Phy DF OF 
 1 Anthony Cirelli          Evander Kane             Reilly Smith             40     1   2  2  
 2 Christian Dvorak         Zach Sanford             Colin White              30     1   2  2  
 3 Dominik Simon            Michael Frolik           Curtis Lazar             20     1   2  2  
 4 Evander Kane             Matt Martin              Ryan Reaves              10     1   2  2  

5 vs 5 Defense 
   Defense                  Defense                                           Time % Phy DF OF 
 1 Morgan Rielly            Andy Greene                                       40     1   2  2  
 2 Marc-Edouard Vlasic      Justin Faulk                                      30     1   2  2  
 3 Jason Demers             MacKenzie Weegar                                  20     1   2  2  
 4 Sean Walker              Morgan Rielly                                     10     1   2  2  

PowerPlay Forward 
   Center                   Left Wing                Right Wing               Time % Phy DF OF 
 1 Anthony Cirelli          Evander Kane             Reilly Smith             60     1   2  2  
 2 Christian Dvorak         Zach Sanford             Colin White              40     1   2  2  

PowerPlay Defense
   Defense                  Defense                                           Time % Phy DF OF 
 1 Morgan Rielly            Andy Greene                                       60     1   2  2  
 2 Marc-Edouard Vlasic      Justin Faulk                                      40     1   2  2  

Penalty Kill 4 Players Forward 
   Center                   Wing                     Time % Phy DF OF 
 1 Evander Kane             Anthony Cirelli          60     1   2  2  
 2 Reilly Smith             Christian Dvorak         40     1   2  2  

Penalty Kill 4 Players Defense
   Defense                  Defense                  Time % Phy DF OF 
 1 Morgan Rielly            Andy Greene              60     1   2  2  
 2 Marc-Edouard Vlasic      Justin Faulk             40     1   2  2  

Penalty Kill - 3 Players Forward 
   Forward                                           Time % Phy DF OF 
 1 Evander Kane                                      60     1   2  2  
 2 Anthony Cirelli                                   40     1   2  2  

Penalty Kill - 3 Players Defense
   Defense                  Defense                  Time % Phy DF OF 
 1 Morgan Rielly            Andy Greene              60     1   2  2  
 2 Marc-Edouard Vlasic      Justin Faulk             40     1   2  2  

4 vs 4 Forward 
   Center                   Wing                     Time % Phy DF OF 
 1 Evander Kane             Anthony Cirelli          60     1   2  2  
 2 Reilly Smith             Christian Dvorak         40     1   2  2  

4 vs 4 Defense
   Defense                  Defense                  Time % Phy DF OF 
 1 Morgan Rielly            Andy Greene              60     1   2  2  
 2 Marc-Edouard Vlasic      Justin Faulk             40     1   2  2  

Last Minutes Offensive
   Center                   Left Wing                Right Wing               Defense                  Defense                  
   Anthony Cirelli          Evander Kane             Reilly Smith             Morgan Rielly            Andy Greene              

Last Minutes Defensive
   Center                   Left Wing                Right Wing               Defense                  Defense                  
   Anthony Cirelli          Evander Kane             Reilly Smith             Morgan Rielly            Andy Greene              

Goaltenders
Starting : Brian Elliott            
Backup : Charlie Lindgren         

Extra Forwards
Normal : Michael Frolik, Curtis Lazar, Matt Martin - PP : Michael Frolik, Curtis Lazar - PK : Matt Martin
Extra Defensemen
Normal : Jason Demers, MacKenzie Weegar, Sean Walker - PP : Jason Demers - PK : MacKenzie Weegar, Sean Walker
Penalty Shots
Evander Kane, Anthony Cirelli, Reilly Smith, Christian Dvorak, Zach Sanford
Custom OT Lines Forwards
Evander Kane, Anthony Cirelli, Reilly Smith, Christian Dvorak, Zach Sanford, Colin White, Michael Frolik, Curtis Lazar, Matt Martin, Dominik Simon
Custom OT Lines Defensemen
Morgan Rielly, Andy Greene, Marc-Edouard Vlasic, Justin Faulk, Jason Demers

Scratches
Jonathan Drouin (Healthy), Evgeny Kuznetsov (Healthy), Jonathan Quick (Suspend)

% Time on Ice - Sharks

Lines # - Real PCT - Wanted PCT - Time Play
Normal Forward
1 - 32% - 36% - 16:13
2 - 34% - 35% - 16:57
3 - 19% - 24% - 9:27
4 - 15% - 5% - 7:26
Normal Defense
1 - 40% - 38% - 19:55
2 - 36% - 36% - 18:14
3 - 23% - 21% - 11:31
4 - 1% - 5% - 0:23
PP Forward
1 - 57% - 55% - 5:41
2 - 43% - 45% - 4:16
PP Defense
1 - 50% - 55% - 4:57
2 - 50% - 45% - 5:00
PK Forward
1 - 0% - 55%
2 - 0% - 45%
PK Defense
1 - 0% - 55%
2 - 0% - 45%
PK3 Forward
1 - 0% - 55%
2 - 0% - 45%
PK3 Defense
1 - 0% - 55%
2 - 0% - 45%
44 Forward
1 - 0% - 55%
2 - 0% - 45%
44 Defense
1 - 0% - 55%
2 - 0% - 45%
Last Minute Offensive  - 0:00
Last Minute Defensive  - 0:00
Total
Forward - 60:00
Defense - 60:00

% Time on Ice - Blues

Lines # - Real PCT - Wanted PCT - Time Play
Normal Forward
1 - 36% - 40% - 18:11
2 - 29% - 30% - 14:38
3 - 24% - 20% - 12:04
4 - 10% - 10% - 5:10
Normal Defense
1 - 37% - 40% - 18:26
2 - 35% - 30% - 17:20
3 - 24% - 20% - 11:48
4 - 5% - 10% - 2:29
PP Forward
1 - 0% - 60%
2 - 0% - 40%
PP Defense
1 - 0% - 60%
2 - 0% - 40%
PK Forward
1 - 78% - 60% - 7:46
2 - 22% - 40% - 2:11
PK Defense
1 - 57% - 60% - 5:38
2 - 43% - 40% - 4:19
PK3 Forward
1 - 0% - 60%
2 - 0% - 40%
PK3 Defense
1 - 0% - 60%
2 - 0% - 40%
44 Forward
1 - 0% - 60%
2 - 0% - 40%
44 Defense
1 - 0% - 60%
2 - 0% - 40%
Last Minute Offensive  - 0:00
Last Minute Defensive  - 0:00
Total
Forward - 60:00
Defense - 60:00

Play-by-Play

1st period


0:01 of 1st period - Sidney Crosby wins face-off versus Anthony Cirelli in neutral zone.
0:48 of 1st period - Morgan Rielly is hit by Mark Borowiecki and loses puck.
1:15 of 1st period - Teuvo Teravainen is hit by Christian Dvorak and loses puck.
1:36 of 1st period - Snap shot by Sidney Crosby.
1:36 of 1st period - Stopped by Brian Elliott with a rebound.
1:41 of 1st period - Off-side.
1:42 of 1st period - Boone Jenner wins face-off versus Christian Dvorak in neutral zone.
3:20 of 1st period - Snap shot by Reilly Smith.
3:20 of 1st period - Stopped by Darcy Kuemper without a rebound.
3:21 of 1st period - Anthony Cirelli wins face-off versus Sidney Crosby in Sharks zone.
3:24 of 1st period - Wrist shot by Evander Kane.
3:24 of 1st period - Stopped by Darcy Kuemper with a rebound.
3:32 of 1st period - Snap shot by Sidney Crosby.
3:32 of 1st period - Stopped by Brian Elliott without a rebound.
3:33 of 1st period - Robert Thomas wins face-off versus Christian Dvorak in Blues zone.
3:36 of 1st period - Snap shot by Dylan Larkin.
3:36 of 1st period - Stopped by Brian Elliott without a rebound.
3:37 of 1st period - Robert Thomas wins face-off versus Christian Dvorak in Blues zone.
3:40 of 1st period - Snap shot by Dylan Larkin.
3:40 of 1st period - Shot Hit the Post.
4:23 of 1st period - Minor Penalty to Colin White for Hooking.
4:24 of 1st period - Gabriel Landeskog wins face-off versus Evander Kane in Blues zone.
6:23 of 1st period - Penalty to Colin White is over, Colin White is back on ice.
6:37 of 1st period - Wrist shot by Dominik Simon.
6:37 of 1st period - Shot Misses the Net.
7:17 of 1st period - Slapshot by Christian Dvorak.
7:17 of 1st period - Shot Misses the Net.
7:31 of 1st period - Snap shot by Michael Frolik.
7:31 of 1st period - Shot Blocked by Mark Borowiecki.
7:49 of 1st period - Justin Braun is hit by Reilly Smith and loses puck.
8:06 of 1st period - Slapshot by Boone Jenner.
8:06 of 1st period - Stopped by Brian Elliott with a rebound.
8:32 of 1st period - Marc-Edouard Vlasic is hit by Mirco Mueller and loses puck.
9:47 of 1st period - Snap shot by Dominik Simon.
9:47 of 1st period - Stopped by Darcy Kuemper with a rebound.
10:00 of 1st period - Icing by Dylan Larkin.
10:01 of 1st period - Dylan Larkin wins face-off versus Christian Dvorak in Sharks zone.
10:08 of 1st period - Wrist shot by Jonathan Huberdeau.
10:08 of 1st period - Stopped by Brian Elliott without a rebound.
10:09 of 1st period - Sidney Crosby wins face-off versus Christian Dvorak in Blues zone.
10:10 of 1st period - Backhand shot by Jonathan Huberdeau.
10:10 of 1st period - Shot Blocked by Christian Dvorak.
10:20 of 1st period - Wrist shot by Sidney Crosby.
10:20 of 1st period - Shot Misses the Net.
10:22 of 1st period - Slapshot by Mirco Mueller.
10:22 of 1st period - Stopped by Brian Elliott with a rebound.
10:24 of 1st period - Slapshot by Shea Theodore.
10:24 of 1st period - Stopped by Brian Elliott with a rebound.
10:42 of 1st period - Snap shot by Teuvo Teravainen.
10:42 of 1st period - Stopped by Brian Elliott with a rebound.
11:00 of 1st period - Wrist shot by Andreas Johnsson.
11:00 of 1st period - Stopped by Brian Elliott with a rebound.
11:02 of 1st period - Slapshot by Zach Werenski.
11:02 of 1st period - Deflect By Andreas Johnsson.
11:02 of 1st period - Shot Blocked by Marc-Edouard Vlasic.
11:02 of 1st period - Puck is out of play.
11:03 of 1st period - Boone Jenner wins face-off versus Anthony Cirelli in Blues zone.
11:18 of 1st period - Wrist shot by Anthony Cirelli.
11:18 of 1st period - Stopped by Darcy Kuemper without a rebound.
11:19 of 1st period - Anthony Cirelli wins face-off versus Jonathan Huberdeau in Sharks zone.
11:22 of 1st period - Snap shot by Evander Kane.
11:22 of 1st period - Shot Misses the Net.
11:26 of 1st period - Wrist shot by Reilly Smith.
11:26 of 1st period - Shot Blocked by Justin Braun.
11:32 of 1st period - Wrist shot by Reilly Smith.
11:32 of 1st period - Shot Blocked by Justin Braun.
12:31 of 1st period - Snap shot by Reilly Smith.
12:31 of 1st period - Shot Blocked by Sidney Crosby.
12:33 of 1st period - Snap shot by Reilly Smith.
12:33 of 1st period - Shot Blocked by Jonathan Huberdeau.
12:35 of 1st period - Slapshot by Andy Greene.
12:35 of 1st period - Shot Blocked by Justin Braun.
12:37 of 1st period - Slapshot by Morgan Rielly.
12:37 of 1st period - Stopped by Darcy Kuemper with a rebound.
12:39 of 1st period - Backhand shot by Morgan Rielly.
12:39 of 1st period - Shot Blocked by Mark Borowiecki.
12:41 of 1st period - Snap shot by Andy Greene.
12:41 of 1st period - Shot Misses the Net.
12:43 of 1st period - Slapshot by Evander Kane.
12:43 of 1st period - Deflect By Gabriel Landeskog.
12:43 of 1st period - Shot Blocked by Gabriel Landeskog.
12:43 of 1st period - Puck is out of play.
12:44 of 1st period - Christian Dvorak wins face-off versus Robert Thomas in Sharks zone.
12:55 of 1st period - Snap shot by Christian Dvorak.
12:55 of 1st period - Stopped by Darcy Kuemper without a rebound.
12:56 of 1st period - Robert Thomas wins face-off versus Christian Dvorak in Sharks zone.
13:03 of 1st period - Snap shot by Dylan Larkin.
13:03 of 1st period - Stopped by Brian Elliott with a rebound.
13:05 of 1st period - Slapshot by Alex Pietrangelo.
13:05 of 1st period - Shot Blocked by Christian Dvorak.
13:09 of 1st period - Snap shot by Dylan Larkin.
13:09 of 1st period - Shot Misses the Net.
14:15 of 1st period - MacKenzie Weegar is hit by Kenny Agostino.
14:38 of 1st period - Snap shot by Dylan Larkin.
14:38 of 1st period - Deflect By Teuvo Teravainen.
14:38 of 1st period - Shot Misses the Net.
14:38 of 1st period - Puck is out of play.
14:39 of 1st period - Robert Thomas wins face-off versus Anthony Cirelli in Blues zone.
15:07 of 1st period - Wrist shot by Gabriel Landeskog.
15:07 of 1st period - Stopped by Brian Elliott with a rebound.
15:09 of 1st period - Wrist shot by Mark Borowiecki.
15:09 of 1st period - Stopped by Brian Elliott with a rebound.
15:11 of 1st period - Slapshot by Justin Braun.
15:11 of 1st period - Stopped by Brian Elliott without a rebound.
15:12 of 1st period - Sidney Crosby wins face-off versus Anthony Cirelli in Blues zone.
16:15 of 1st period - Wrist shot by Sidney Crosby.
16:15 of 1st period - Stopped by Brian Elliott with a rebound.
16:23 of 1st period - Wrist shot by Reilly Smith.
16:23 of 1st period - Stopped by Darcy Kuemper without a rebound.
16:24 of 1st period - Robert Thomas wins face-off versus Christian Dvorak in Sharks zone.
16:29 of 1st period - Wrist shot by Teuvo Teravainen.
16:29 of 1st period - Shot Misses the Net.
17:19 of 1st period - Snap shot by Boone Jenner.
17:19 of 1st period - Stopped by Brian Elliott with a rebound.
17:21 of 1st period - Backhand shot by Dillon Dube.
17:21 of 1st period - Shot Misses the Net.
17:23 of 1st period - Snap shot by Mark Borowiecki.
17:23 of 1st period - Deflect By Kenny Agostino.
17:23 of 1st period - Shot Blocked by Jason Demers.
17:23 of 1st period - Puck is out of play.
17:24 of 1st period - Kenny Agostino wins face-off versus Christian Dvorak in Blues zone.
17:49 of 1st period - Michael Raffl is hit by Michael Frolik and loses puck.
18:16 of 1st period - Teuvo Teravainen is hit by Evander Kane and loses puck.
19:15 of 1st period - Andy Greene is hit by Mark Borowiecki and loses puck.
19:51 of 1st period - Gabriel Landeskog is hit by Dominik Simon and loses puck.
Goals for this period are 0 for Sharks vs 0 for Blues.
Shots for this period are 15 for Sharks vs 7 for Blues.

2nd period


0:01 of 2nd period - Anthony Cirelli wins face-off versus Robert Thomas in neutral zone.
0:48 of 2nd period - Slapshot by Alex Pietrangelo.
0:48 of 2nd period - Goal by Alex Pietrangelo - Sharks : 1 - Blues : 0.
0:49 of 2nd period - Robert Thomas wins face-off versus Anthony Cirelli in neutral zone.
1:16 of 2nd period - Sidney Crosby is hit by Christian Dvorak.
1:42 of 2nd period - Andreas Johnsson is hit by Michael Frolik and loses puck.
1:52 of 2nd period - Minor Penalty to Michael Frolik for Holding.
1:53 of 2nd period - Evander Kane wins face-off versus Sidney Crosby in Blues zone.
2:26 of 2nd period - Wrist shot by Dylan Larkin.
2:26 of 2nd period - Deflect By Morgan Rielly.
2:26 of 2nd period - Shot Misses the Net.
2:26 of 2nd period - Puck is out of play.
2:27 of 2nd period - Reilly Smith wins face-off versus Dylan Larkin in Blues zone.
2:52 of 2nd period - Justin Faulk is hit by Jonathan Huberdeau and loses puck.
3:52 of 2nd period - Penalty to Michael Frolik is over, Michael Frolik is back on ice.
4:48 of 2nd period - Snap shot by Anthony Cirelli.
4:48 of 2nd period - Stopped by Darcy Kuemper with a rebound.
4:54 of 2nd period - Curtis Lazar is hit by Michael Raffl and loses puck.
5:30 of 2nd period - Boone Jenner is hit by Zach Sanford and loses puck.
5:42 of 2nd period - Off-side.
5:43 of 2nd period - Dominik Simon wins face-off versus Michael Raffl in neutral zone.
5:46 of 2nd period - Wrist shot by Michael Frolik.
5:46 of 2nd period - Shot Blocked by Mark Borowiecki.
6:07 of 2nd period - Andy Greene is hit by Gabriel Landeskog and loses puck.
6:22 of 2nd period - Wrist shot by Teuvo Teravainen.
6:22 of 2nd period - Stopped by Brian Elliott without a rebound.
6:23 of 2nd period - Robert Thomas wins face-off versus Anthony Cirelli in Blues zone.
6:26 of 2nd period - Wrist shot by Dylan Larkin.
6:26 of 2nd period - Stopped by Brian Elliott with a rebound.
6:28 of 2nd period - Slapshot by Zach Werenski.
6:28 of 2nd period - Shot Misses the Net.
6:30 of 2nd period - Snap shot by Robert Thomas.
6:30 of 2nd period - Stopped by Brian Elliott with a rebound.
6:32 of 2nd period - Slapshot by Alex Pietrangelo.
6:32 of 2nd period - Shot Blocked by Morgan Rielly.
6:34 of 2nd period - Snap shot by Robert Thomas.
6:34 of 2nd period - Shot Blocked by Morgan Rielly.
6:36 of 2nd period - Wrist shot by Dylan Larkin.
6:36 of 2nd period - Shot Misses the Net.
6:38 of 2nd period - Slapshot by Teuvo Teravainen.
6:38 of 2nd period - Deflect By Dylan Larkin.
6:38 of 2nd period - Stopped by Brian Elliott with a rebound.
6:40 of 2nd period - Slapshot by Zach Werenski.
6:40 of 2nd period - Shot Misses the Net.
7:13 of 2nd period - Colin White is hit by Gabriel Landeskog.
7:21 of 2nd period - Wrist shot by Christian Dvorak.
7:21 of 2nd period - Stopped by Darcy Kuemper with a rebound.
7:23 of 2nd period - Wrist shot by Marc-Edouard Vlasic.
7:23 of 2nd period - Shot Misses the Net.
7:25 of 2nd period - Wrist shot by Christian Dvorak.
7:25 of 2nd period - Stopped by Darcy Kuemper without a rebound.
7:26 of 2nd period - Robert Thomas wins face-off versus Anthony Cirelli in Sharks zone.
7:32 of 2nd period - Off-side.
7:33 of 2nd period - Robert Thomas wins face-off versus Anthony Cirelli in neutral zone.
8:08 of 2nd period - Slapshot by Anthony Cirelli.
8:08 of 2nd period - Shot Misses the Net.
8:36 of 2nd period - Justin Faulk is hit by Teuvo Teravainen and loses puck.
8:47 of 2nd period - Snap shot by Reilly Smith.
8:47 of 2nd period - Shot Misses the Net.
8:49 of 2nd period - Wrist shot by Reilly Smith.
8:49 of 2nd period - Shot Blocked by Zach Werenski.
8:53 of 2nd period - Snap shot by Anthony Cirelli.
8:53 of 2nd period - Shot Misses the Net.
8:55 of 2nd period - Slapshot by Marc-Edouard Vlasic.
8:55 of 2nd period - Stopped by Darcy Kuemper without a rebound.
8:56 of 2nd period - Christian Dvorak wins face-off versus Boone Jenner in Sharks zone.
8:59 of 2nd period - Slapshot by Colin White.
8:59 of 2nd period - Deflect By Boone Jenner.
8:59 of 2nd period - Shot Misses the Net.
8:59 of 2nd period - Puck is out of play.
9:00 of 2nd period - Christian Dvorak wins face-off versus Boone Jenner in Sharks zone.
9:26 of 2nd period - Off-side.
9:27 of 2nd period - Sidney Crosby wins face-off versus Dominik Simon in neutral zone.
9:33 of 2nd period - Minor Penalty to MacKenzie Weegar for Tripping.
9:34 of 2nd period - Sidney Crosby wins face-off versus Evander Kane in Blues zone.
10:13 of 2nd period - Wrist shot by Teuvo Teravainen.
10:13 of 2nd period - Stopped by Brian Elliott without a rebound.
10:14 of 2nd period - Sidney Crosby wins face-off versus Evander Kane in Blues zone.
10:55 of 2nd period - Andy Greene is hit by Mark Borowiecki and loses puck.
11:33 of 2nd period - Penalty to MacKenzie Weegar is over, MacKenzie Weegar is back on ice.
11:52 of 2nd period - Off-side.
11:53 of 2nd period - Dominik Simon wins face-off versus Michael Raffl in neutral zone.
12:18 of 2nd period - Jonathan Huberdeau is hit by Colin White.
12:24 of 2nd period - Wrist shot by Gabriel Landeskog.
12:24 of 2nd period - Deflect By Sidney Crosby.
12:24 of 2nd period - Shot Blocked by Zach Sanford.
12:24 of 2nd period - Puck is out of play.
12:25 of 2nd period - Sidney Crosby wins face-off versus Anthony Cirelli in Blues zone.
12:52 of 2nd period - Teuvo Teravainen is hit by Christian Dvorak.
13:04 of 2nd period - Morgan Rielly is hit by Zach Werenski and loses puck.
13:17 of 2nd period - Marc-Edouard Vlasic is hit by Alex Pietrangelo and loses puck.
13:22 of 2nd period - Snap shot by Shea Theodore.
13:22 of 2nd period - Stopped by Brian Elliott with a rebound.
13:24 of 2nd period - Slapshot by Shea Theodore.
13:24 of 2nd period - Shot Blocked by Dominik Simon.
13:26 of 2nd period - Wrist shot by Shea Theodore.
13:26 of 2nd period - Shot Blocked by Marc-Edouard Vlasic.
13:30 of 2nd period - Slapshot by Boone Jenner.
13:30 of 2nd period - Shot Misses the Net.
13:40 of 2nd period - Matt Martin is hit by Gabriel Landeskog and loses puck.
13:59 of 2nd period - Slapshot by Christian Dvorak.
13:59 of 2nd period - Goal by Christian Dvorak - Sharks : 1 - Blues : 1.
14:00 of 2nd period - Anthony Cirelli wins face-off versus Robert Thomas in neutral zone.
14:54 of 2nd period - Colton Sceviour is hit by Curtis Lazar and loses puck.
15:05 of 2nd period - Wrist shot by Dillon Dube.
15:05 of 2nd period - Stopped by Brian Elliott without a rebound.
15:06 of 2nd period - Evander Kane wins face-off versus Michael Raffl in Blues zone.
15:22 of 2nd period - Off-side.
15:23 of 2nd period - Sidney Crosby wins face-off versus Anthony Cirelli in neutral zone.
15:50 of 2nd period - Andy Greene is hit by Dylan Larkin and loses puck.
16:11 of 2nd period - Snap shot by Dillon Dube.
16:11 of 2nd period - Stopped by Brian Elliott with a rebound.
16:43 of 2nd period - Snap shot by Andreas Johnsson.
16:43 of 2nd period - Goal by Andreas Johnsson - Sharks : 2 - Blues : 1.
16:44 of 2nd period - Anthony Cirelli wins face-off versus Sidney Crosby in neutral zone.
17:11 of 2nd period - Alex Pietrangelo is hit by Zach Sanford and loses puck.
17:16 of 2nd period - Backhand shot by Colin White.
17:16 of 2nd period - Stopped by Darcy Kuemper without a rebound.
17:17 of 2nd period - Robert Thomas wins face-off versus Christian Dvorak in Sharks zone.
17:49 of 2nd period - Colton Sceviour is hit by Colin White and loses puck.
18:06 of 2nd period - Zach Werenski is hit by Reilly Smith and loses puck.
18:14 of 2nd period - Slapshot by Marc-Edouard Vlasic.
18:14 of 2nd period - Shot Misses the Net.
18:16 of 2nd period - Slapshot by Marc-Edouard Vlasic.
18:16 of 2nd period - Shot Misses the Net.
18:59 of 2nd period - Snap shot by Teuvo Teravainen.
18:59 of 2nd period - Stopped by Brian Elliott with a rebound.
19:01 of 2nd period - Snap shot by Robert Thomas.
19:01 of 2nd period - Shot Misses the Net.
19:19 of 2nd period - Slapshot by Shea Theodore.
19:19 of 2nd period - Stopped by Brian Elliott without a rebound.
19:20 of 2nd period - Boone Jenner wins face-off versus Christian Dvorak in Blues zone.
19:23 of 2nd period - Snap shot by Andreas Johnsson.
19:23 of 2nd period - Shot Blocked by Matt Martin.
19:45 of 2nd period - Wrist shot by Curtis Lazar.
19:45 of 2nd period - Shot Misses the Net.
19:47 of 2nd period - Slapshot by Morgan Rielly.
19:47 of 2nd period - Stopped by Darcy Kuemper without a rebound.
19:48 of 2nd period - Dominik Simon wins face-off versus Sidney Crosby in Sharks zone.
19:51 of 2nd period - Wrist shot by Michael Frolik.
19:51 of 2nd period - Stopped by Darcy Kuemper with a rebound.
Goals for this period are 2 for Sharks vs 1 for Blues.
Shots for this period are 12 for Sharks vs 8 for Blues.

3rd period


0:01 of 3rd period - Anthony Cirelli wins face-off versus Sidney Crosby in neutral zone.
0:05 of 3rd period - Icing by Zach Werenski.
0:06 of 3rd period - Anthony Cirelli wins face-off versus Sidney Crosby in Sharks zone.
0:53 of 3rd period - Slapshot by Michael Frolik.
0:53 of 3rd period - Shot Misses the Net.
0:55 of 3rd period - Snap shot by Curtis Lazar.
0:55 of 3rd period - Shot Misses the Net.
1:01 of 3rd period - Snap shot by Curtis Lazar.
1:01 of 3rd period - Stopped by Darcy Kuemper without a rebound.
1:02 of 3rd period - Anthony Cirelli wins face-off versus Gabriel Landeskog in Sharks zone.
1:03 of 3rd period - Snap shot by Reilly Smith.
1:03 of 3rd period - Shot Misses the Net.
1:05 of 3rd period - Snap shot by Jason Demers.
1:05 of 3rd period - Stopped by Darcy Kuemper without a rebound.
1:06 of 3rd period - Sidney Crosby wins face-off versus Anthony Cirelli in Sharks zone.
1:37 of 3rd period - Snap shot by Colin White.
1:37 of 3rd period - Shot Misses the Net.
2:23 of 3rd period - Slapshot by Boone Jenner.
2:23 of 3rd period - Shot Misses the Net.
2:37 of 3rd period - Snap shot by Jonathan Huberdeau.
2:37 of 3rd period - Shot Misses the Net.
2:39 of 3rd period - Snap shot by Robert Thomas.
2:39 of 3rd period - Stopped by Brian Elliott with a rebound.
2:41 of 3rd period - Snap shot by Robert Thomas.
2:41 of 3rd period - Deflect By Christian Dvorak.
2:41 of 3rd period - Shot Misses the Net.
2:41 of 3rd period - Puck is out of play.
2:42 of 3rd period - Anthony Cirelli wins face-off versus Robert Thomas in Blues zone.
3:20 of 3rd period - Backhand shot by Teuvo Teravainen.
3:20 of 3rd period - Stopped by Brian Elliott with a rebound.
3:22 of 3rd period - Snap shot by Shea Theodore.
3:22 of 3rd period - Stopped by Brian Elliott with a rebound.
3:24 of 3rd period - Wrist shot by Mirco Mueller.
3:24 of 3rd period - Stopped by Brian Elliott with a rebound.
3:26 of 3rd period - Slapshot by Shea Theodore.
3:26 of 3rd period - Stopped by Brian Elliott with a rebound.
3:52 of 3rd period - Snap shot by Dylan Larkin.
3:52 of 3rd period - Shot Misses the Net.
3:54 of 3rd period - Snap shot by Teuvo Teravainen.
3:54 of 3rd period - Stopped by Brian Elliott with a rebound.
4:21 of 3rd period - Minor Penalty to Evander Kane for Interference.
4:22 of 3rd period - Sidney Crosby wins face-off versus Matt Martin in Blues zone.
6:21 of 3rd period - Penalty to Evander Kane is over, Evander Kane is back on ice.
6:30 of 3rd period - Slapshot by Zach Werenski.
6:30 of 3rd period - Shot Hit the Post.
6:38 of 3rd period - Minor Penalty to Jason Demers for Hooking.
6:39 of 3rd period - Dylan Larkin wins face-off versus Evander Kane in Blues zone.
6:40 of 3rd period - Slapshot by Teuvo Teravainen.
6:40 of 3rd period - Goal by Teuvo Teravainen - Sharks : 3 - Blues : 1.
6:41 of 3rd period - Anthony Cirelli wins face-off versus Jonathan Huberdeau in neutral zone.
7:26 of 3rd period - Icing by Boone Jenner.
7:27 of 3rd period - Dominik Simon wins face-off versus Robert Thomas in Sharks zone.
8:13 of 3rd period - Backhand shot by Dominik Simon.
8:13 of 3rd period - Shot Misses the Net.
8:15 of 3rd period - Snap shot by Justin Faulk.
8:15 of 3rd period - Shot Misses the Net.
8:17 of 3rd period - Slapshot by Curtis Lazar.
8:17 of 3rd period - Stopped by Darcy Kuemper with a rebound.
8:19 of 3rd period - Snap shot by Michael Frolik.
8:19 of 3rd period - Stopped by Darcy Kuemper with a rebound.
8:21 of 3rd period - Wrist shot by Michael Frolik.
8:21 of 3rd period - Shot Misses the Net.
8:23 of 3rd period - Snap shot by Curtis Lazar.
8:23 of 3rd period - Shot Blocked by Zach Werenski.
8:25 of 3rd period - Wrist shot by Curtis Lazar.
8:25 of 3rd period - Shot Misses the Net.
9:03 of 3rd period - Slapshot by Justin Braun.
9:03 of 3rd period - Deflect By Kenny Agostino.
9:03 of 3rd period - Stopped by Brian Elliott with a rebound.
9:05 of 3rd period - Wrist shot by Kenny Agostino.
9:05 of 3rd period - Stopped by Brian Elliott without a rebound.
9:06 of 3rd period - Anthony Cirelli wins face-off versus Sidney Crosby in Blues zone.
9:40 of 3rd period - Snap shot by Boone Jenner.
9:40 of 3rd period - Shot Blocked by Morgan Rielly.
9:42 of 3rd period - Slapshot by Boone Jenner.
9:42 of 3rd period - Shot Misses the Net.
9:52 of 3rd period - Snap shot by Dylan Larkin.
9:52 of 3rd period - Stopped by Brian Elliott with a rebound.
10:14 of 3rd period - Gabriel Landeskog is hit by Colin White and loses puck.
11:10 of 3rd period - Snap shot by Dylan Larkin.
11:10 of 3rd period - Stopped by Brian Elliott without a rebound.
11:11 of 3rd period - Christian Dvorak wins face-off versus Robert Thomas in Blues zone.
11:24 of 3rd period - Wrist shot by Christian Dvorak.
11:24 of 3rd period - Stopped by Darcy Kuemper without a rebound.
11:25 of 3rd period - Christian Dvorak wins face-off versus Sidney Crosby in Sharks zone.
11:26 of 3rd period - Wrist shot by Colin White.
11:26 of 3rd period - Stopped by Darcy Kuemper without a rebound.
11:27 of 3rd period - Christian Dvorak wins face-off versus Sidney Crosby in Sharks zone.
11:34 of 3rd period - Snap shot by Colin White.
11:34 of 3rd period - Stopped by Darcy Kuemper without a rebound.
11:35 of 3rd period - Sidney Crosby wins face-off versus Christian Dvorak in Sharks zone.
12:01 of 3rd period - Snap shot by Sidney Crosby.
12:01 of 3rd period - Stopped by Brian Elliott with a rebound.
12:03 of 3rd period - Slapshot by Zach Werenski.
12:03 of 3rd period - Shot Hit the Post.
12:05 of 3rd period - Wrist shot by Jonathan Huberdeau.
12:05 of 3rd period - Stopped by Brian Elliott with a rebound.
12:07 of 3rd period - Wrist shot by Jonathan Huberdeau.
12:07 of 3rd period - Shot Misses the Net.
12:24 of 3rd period - Snap shot by Colin White.
12:24 of 3rd period - Deflect By Zach Werenski.
12:24 of 3rd period - Stopped by Darcy Kuemper without a rebound.
12:25 of 3rd period - Anthony Cirelli wins face-off versus Robert Thomas in Sharks zone.
12:34 of 3rd period - Snap shot by Evander Kane.
12:34 of 3rd period - Shot Misses the Net.
14:10 of 3rd period - Christian Dvorak is hit by Dylan Larkin and loses puck.
14:21 of 3rd period - Justin Faulk is hit by Robert Thomas and loses puck.
14:59 of 3rd period - Snap shot by Dillon Dube.
14:59 of 3rd period - Deflect By Michael Raffl.
14:59 of 3rd period - Stopped by Brian Elliott with a rebound.
15:01 of 3rd period - Backhand shot by Zach Werenski.
15:01 of 3rd period - Deflect By Kenny Agostino.
15:01 of 3rd period - Goal by Kenny Agostino - Sharks : 4 - Blues : 1.
15:02 of 3rd period - Sidney Crosby wins face-off versus Anthony Cirelli in neutral zone.
15:27 of 3rd period - Colin White is hit by Dylan Larkin and loses puck.
16:09 of 3rd period - Wrist shot by Dylan Larkin.
16:09 of 3rd period - Shot Misses the Net.
16:11 of 3rd period - Wrist shot by Teuvo Teravainen.
16:11 of 3rd period - Stopped by Brian Elliott with a rebound.
16:27 of 3rd period - Minor Penalty to Evander Kane for Roughing.
16:28 of 3rd period - Sidney Crosby wins face-off versus Matt Martin in Blues zone.
17:06 of 3rd period - Slapshot by Marc-Edouard Vlasic.
17:06 of 3rd period - Stopped by Darcy Kuemper with a rebound.
17:08 of 3rd period - Wrist shot by Christian Dvorak.
17:08 of 3rd period - Deflect By Zach Sanford.
17:08 of 3rd period - Goal by Zach Sanford - Sharks : 4 - Blues : 2.
17:09 of 3rd period - Sidney Crosby wins face-off versus Matt Martin in neutral zone.
17:44 of 3rd period - Slapshot by Shea Theodore.
17:44 of 3rd period - Shot Blocked by Andy Greene.
17:46 of 3rd period - Slapshot by Alex Pietrangelo.
17:46 of 3rd period - Deflect By Dylan Larkin.
17:46 of 3rd period - Stopped by Brian Elliott with a rebound.
18:27 of 3rd period - Penalty to Evander Kane is over, Evander Kane is back on ice.
18:55 of 3rd period - Jason Demers is hit by Alex Pietrangelo and loses puck.
Goals for this period are 2 for Sharks vs 1 for Blues.
Shots for this period are 17 for Sharks vs 10 for Blues.